 Dungeon Crawl Stone Soup version 0.31-a0-750-gfe7b580527 (webtiles) character file.

Game seed: 15478659651679408068

26052 Aneyh the Worldbinder (level 13, -21/56 HPs)
             Began as a Tengu Summoner on Sept 15, 2023.
             Was an Elder of Hepliaklqana.
             Killed from afar by a fire dragon (45 damage)
             ... with a blast of flame
             ... on level 13 of the Dungeon.
             The game lasted 00:47:26 (17173 turns).

Aneyh the Worldbinder (Tengu Summoner)             Turns: 17173, Time: 00:47:26

Health: -21/56     AC: 13    Str:  9    XL:     13   Next: 23%
Magic:  3/23       EV: 30    Int: 15    God:    Hepliaklqana [****..]
Gold:   1095       SH:  5    Dex: 20    Spells: 10/24 levels left

rFire   . . .        a - +1 spear (heavy)
rCold   . . .        X - +0 buckler
rNeg    . . .        R - +1 troll leather armour {Snorg}
rPois   .            (helmet restricted)
rElec   .            M - +2 cloak {Will+}
rCorr   .            V - +1 pair of gloves
SInv    .            (boots unavailable)
Will    +....        (no amulet)
Stlth   ++           j - +4 ring of protection
HPRegen 1.09/turn    y - ring of wizardry
MPRegen 0.18/turn

%: acrobat, wizardry (x1)
@: acrobatic, flying
A: reduced essence, beak, talons 3, evasive flight, acrobatic
a: Renounce Religion, Recall Ancestor, Ancestor Identity, Transference, Idealise


You were on level 13 of the Dungeon.
You worshipped Hepliaklqana.
Hepliaklqana was greatly pleased with you.
You visited 3 branches of the dungeon, and saw 15 of its levels.
You also visited: Ossuary, Bailey and Gauntlet.

You collected 1095 gold pieces.

Inventory:

Hand Weapons
 a - a +1 heavy spear (weapon)
 b - a +3 arbalest of freezing
 d - a +0 broad axe
 m - a +0 war axe of flaming
 q - a +0 trident
 A - a +0 battleaxe of protection
 O - a +4 trident of freezing
 Q - the +1 mace "Gemopnemog" {venom, rCorr}
   (You found it in a Gauntlet)

   rCorr:     It protects you from acid and corrosion.
 T - a +3 scimitar of flaming
Missiles
 t - 2 throwing nets
 C - 11 javelins
Armour
 g - a +1 pair of gloves
 n - a +0 robe
 E - the +0 ring mail "Inuthrufe" {-Tele rPois Will+++ Dex-3}
   (You found it on level 10 of the Dungeon)

   Dex-3:     It affects your dexterity (-3).
   rPois:     It protects you from poison Will+++: It greatly increases your
   willpower.
   -Tele:     It prevents most forms of teleportation.
 M - a +2 cloak of willpower (worn)
 R - a +1 troll leather armour (worn) {Snorg}
 V - a +1 pair of gloves (worn)
 W - the +1 robe "Qemibeun" {Drain Dex+5}
   (You found it on level 13 of the Dungeon)

   Dex+5:     It affects your dexterity (+5).
   Drain:     It drains your maximum health when unequipped.
 X - a +0 buckler (worn)
Jewellery
 e - a ring of positive energy
 j - a +4 ring of protection (left hand)
 u - a ring of resist corrosion
 y - a ring of wizardry (right hand)
 N - a ring of wizardry
Wands
 l - a wand of flame (24)
 r - a wand of mindburst (10)
 F - a wand of roots (16)
 J - a wand of light (15)
 P - a wand of charming (10)
Scrolls
 i - 3 scrolls of blinking {unknown}
 o - 4 scrolls of teleportation
 p - 8 scrolls of vulnerability {unknown}
 v - 2 scrolls of noise
 w - 4 scrolls of fog
 x - 2 scrolls of immolation
 B - 5 scrolls of enchant armour
 D - a scroll of enchant weapon
 G - 2 scrolls of poison
 I - 3 scrolls of fear
 S - 2 scrolls of identify
 U - 2 scrolls of silence {unknown}
Potions
 c - 4 potions of attraction {unknown}
 f - 5 potions of lignification
 h - 4 potions of might
 k - 8 potions of curing
 s - 2 potions of cancellation {unknown}
 z - a potion of berserk rage {unknown}
 H - 4 potions of magic
 K - a potion of brilliance {unknown}
 L - 2 potions of invisibility {unknown}


   Skills:
 - Level 2.1 Dodging
 - Level 2.0 Stealth
 - Level 6.0 Spellcasting
 + Level 24.2 Summonings


You had 10 spell levels left.
You knew the following spells:

 Your Spells              Type           Power      Damage    Failure   Level
a - Summon Small Mammal   Summ           100%       N/A       0%          1
b - Call Canine Familiar  Summ           67%        N/A       0%          3
c - Summon Lightning Spi  Summ/Air       40%        N/A       1%          4
d - Summon Cactus Giant   Summ           33%        N/A       1%          6

Your spell library contained the following spells:

 Spells                   Type           Power      Damage    Failure   Level
 Call Imp                 Summ           100%       N/A       0%          2
 Summon Guardian Golem    Hex/Summ       40%        N/A       1%          3
 Animate Armour           Summ/Erth      80%        N/A       1%          4
 Foxfire                  Conj/Fire      16%        2x1d4     13%         1
 Freeze                   Ice            16%        1d4       13%         1
 Blink                    Tloc           8%         N/A       19%         2
 Lesser Beckoning         Tloc           8%         N/A       19%         2
 Momentum Strike          Conj/Tloc      8%         3d8       19%         2
 Scorch                   Fire           8%         2d5       19%         2
 Wereblood                Tmut           4%         N/A       19%         2
 Frozen Ramparts          Ice            8%         1d2       34%         3
 Hailstorm                Conj/Ice       4%         3d4       34%         3
 Inner Flame              Hex/Fire       4%         N/A       34%         3
 Stone Arrow              Conj/Erth      8%         3d7       34%         3
 Flame Wave               Conj/Fire      4%         2d5       75%         4
 Sticky Flame             Conj/Fire      4%         2d3       75%         4
 Irradiate                Conj/Tmut      2%         3d12      96%         5
 Leda's Unmaking          Conj/Erth      2%         9d1       100%        6
 Plasma Beam              Fire/Air       2%         2x1d12    100%        6
 Starburst                Conj/Fire      2%         6d3       100%        6
 Lehudib's Crystal Spear  Conj/Erth      2%         10d2      100%        8


Dungeon Overview and Level Annotations

Branches:
Dungeon (13/15)            Temple (1/1) D:7            Lair (0/5) D:8
    Orc (1/2) D:11        Ossuary (visited)          Bailey (visited)
Gauntlet (visited)
 Vaults: D:13-14

Altars:
Ashenzari
Cheibriados
Dithmenos
Elyvilon
Fedhas
Gozag
Hepliaklqana
Kikubaaqudgha
Makhleb
Nemelex Xobeh
Okawaru
Qazlal
Ru
Sif Muna
Trog
Uskayaw
Vehumet
Wu Jian
Xom
Yredelemnul
Zin
The Shining One

Annotations:
D:7 1 runed translucent door, Twinkles's ghost, novice MiFi
D:10 1 runed translucent door
Orc:1 Jorgrun


Innate Abilities, Weirdness & Mutations

Your life essence is reduced to manifest your ancestor. (-10% HP)
You have a beak for a mouth.
You have claws for feet.
Your magical flight helps you evade attacks. (EV +4)
You can magically evade attacks while moving or waiting.


Message History

The tengu warrior hits your wolf with a +3 war axe!
The tengu warrior pecks your wolf.
The tengu warrior claws your wolf but does no damage.
A boulder beetle comes into view.
You swap places.
Your wolf barely misses the tengu warrior. x2
The tengu warrior hits your wolf with a +3 war axe!!
Your wolf dies!
Your wolf's corpse disappears in a puff of smoke!
A boulder beetle comes into view.
Ingwe hits the fire dragon with a +0 quarterstaff!!
The fire dragon breathes flames at you.
The blast of flame hits Ingwe!
Ingwe resists.
The blast of flame hits you!!
Ouch! That really hurt!
Ingwe barely misses the fire dragon.
The fire dragon bites Ingwe!
The fire dragon claws Ingwe!
The fire dragon tramples Ingwe but does no damage.
Ingwe barely misses the fire dragon.
Ingwe has departed this plane of existence.
Casting: Summon Cactus Giant (dangerous; 1% risk of failure)
Confirm with . or Enter, or press ? or * to list all spells.
The fire dragon bites your warg!
The fire dragon barely misses your warg.
The fire dragon tramples your warg!
Your warg holds its ground!
The tengu warrior blocks your cactus giant's attack.
The fire dragon breathes flames at you. The blast of flame hits your warg!!
Your warg dies!
Your warg's corpse disappears in a puff of smoke!
The blast of flame hits you!
You are too injured to fight recklessly!
Casting: Call Canine Familiar (safe; 0% risk of failure)
Confirm with . or Enter, or press ? or * to list all spells.
The fire dragon breathes flames at you.
The blast of flame hits your cactus giant!!
The blast of flame hits you!!!
Ouch! That really hurt!
You die...

# #...####.......#
###..............#
...........#####.#
......###..# #.#
......# #..# #.#
......# #..# #.#
......# #..### #.#
......###....###.#
.....R#....#.##.@##
.................C##
....##...###...##..#
...###.#.# #.#.###D#
...# #...# #...###.#
.... .###. .###.8CD#
....#. .# #.#..# .
.. #. #....# ##
#.#BD###.#


You could see a fire dragon (catching breath, ally target), an eight-headed
hydra and a friendly cactus giant (summoned).

Vanquished Creatures
  2 two-headed ogres
  An ugly thing (D:11)
  A manticore (D:12)
  A gargoyle (D:8)
  The ghost of pigah the Insei, an amateur OpSh (D:4)
  2 shadows (D:10)
  A ynoxinul (D:11)
  A steam dragon (D:8)
  2 vampire mosquitoes (D:12)
  Menkaure (D:6)
  2 wargs (D:8)
  2 orc warriors
  A black bear (D:5)
  2 sky beasts
  A centaur (D:8)
  A nameless horror (D:4)
  An elf zombie (Ossuary)
  2 bullfrogs
  2 scorpions (D:5)
  2 killer bees (D:8)
  2 howler monkeys
  2 centaur zombies (Ossuary)
  2 hounds
  A human zombie (Ossuary)
  8 orc priests
  Natasha (D:3)
  Ijyb (D:2)
  5 iguanas
  4 orc wizards
  Robin (D:2)
  4 gnolls
  An adder (D:4)
  An ufetubus (D:11)
  16 orcs
  5 ball pythons
  5 endoplasms
  3 giant cockroaches
  14 goblins
  12 hobgoblins
  7 jackals
  5 bats
  4 frilled lizards
  7 kobolds
  A rat (D:2)
141 creatures vanquished.

Vanquished Creatures (collateral kills)
  A minotaur (Gauntlet)
  Snorg (D:11)
  Josephine (D:11)
  A hell beast (Gauntlet)
  Erolcha (D:9)
  A centaur warrior (D:13)
  Erica (D:11)
  A boulder beetle (D:12)
  A two-headed ogre (D:9)
  2 tengu warriors (D:13)
  An orb spider (shapeshifter) (D:13)
  An ugly thing (D:13)
  2 deep elf pyromancers
  A cyclops (D:11)
  2 manticores
  A black mamba (shapeshifter) (D:13)
  Maurice (D:8)
  Jeremiah (D:8)
  Psyche (D:9)
  A gargoyle (D:11)
  2 trolls (D:12)
  Grinder (D:4)
  A hornet (D:9)
  Prince Ribbit (D:9)
  3 slime creatures (D:12)
  3 shadows (Gauntlet)
  A wyvern (D:10)
  16 yaks
  2 ynoxinuls (D:11)
  Eustachio (D:4)
  7 wraiths
  Grum (D:11)
  2 vampire mosquitoes (D:12)
  A warg (D:8)
  A naga (shapeshifter) (D:13)
  An acid dragon (D:10)
  A water moccasin (D:9)
  8 orc warriors
  A sky beast (D:8)
  2 wolves (D:11)
  2 phantoms
  4 centaurs
  An elf zombie (Ossuary)
  A kobold brigand (D:5)
  A scorpion (D:4)
  2 killer bees (D:8)
  An electric eel (D:11)
  3 howler monkeys
  6 centaur zombies (Ossuary)
  A human zombie (Ossuary)
  4 orc priests
  2 jellies
  Natasha (twice) (D:3)
  An iguana (D:4)
  6 orc wizards
  3 mummies (Ossuary)
  10 gnolls
  4 adders
  A shadow imp (D:8)
  7 ufetubi (D:11)
  A worm (D:5)
  37 orcs
  3 ball pythons (D:4)
  A bat (D:1)
  An endoplasm (D:2)
  5 giant cockroaches
  15 goblins
  15 hobgoblins
  4 jackals
  8 kobolds
  A quokka (D:5)
  2 frilled lizards (D:1)
  2 rats
236 creatures vanquished.

Vanquished Creatures (others)
  5 ancestors
  7 battlemagi
12 creatures vanquished.

Grand Total: 389 creatures vanquished

Notes
Turn   | Place    | Note
-------+----------+-------------------------------------------
     0 | D:1      | Aneyh the Tengu Summoner began the quest for the Orb.
     0 | D:1      | Reached XP level 1. HP: 10/10 MP: 4/4
    24 | D:1      | Reached skill level 5 in Summonings
   112 | D:1      | Reached XP level 2. HP: 9/15 MP: 3/6
   387 | D:1      | Reached XP level 3. HP: 17/19 MP: 4/7
   391 | D:1      | Reached skill level 6 in Summonings
   760 | D:1      | Learned a level 3 spell: Call Canine Familiar
  1023 | D:2      | Noticed Ijyb
  1044 | D:2      | Killed Ijyb
  1045 | D:2      | Reached XP level 4. HP: 18/24 MP: 1/8
  1055 | D:2      | Got the Parchment of Tephra
  1149 | D:2      | Noticed Robin
  1170 | D:2      | Killed Robin
  1171 | D:2      | Reached skill level 7 in Summonings
  1782 | D:2      | Reached XP level 5. HP: 28/28 MP: 9/9
  2056 | D:3      | Learned a level 4 spell: Summon Lightning Spire
  2458 | D:3      | Noticed Natasha
  2544 | D:3      | Reached skill level 8 in Summonings
  2544 | D:3      | Killed Natasha
  2675 | D:3      | Noticed Natasha
  2679 | D:3      | Killed Natasha
  2713 | D:3      | Noticed Natasha
  2792 | D:3      | Killed Natasha
  2793 | D:3      | Reached XP level 6. HP: 28/32 MP: 1/10
  3411 | D:4      | Reached skill level 9 in Summonings
  3449 | D:4      | Noticed Grinder
  3537 | D:4      | Noticed pigah's ghost (amateur OpSh)
  3540 | D:4      | Found a sand-covered staircase.
  3545 | Ossuary  | Entered an ossuary
  3624 | Ossuary  | Gained mutation: Your magical flight helps you evade
                  | attacks. (EV +4) [Tengu growth]
  3624 | Ossuary  | Reached XP level 7. HP: 9/36 MP: 4/11
  3626 | Ossuary  | Reached skill level 10 in Summonings
  4433 | D:4      | Found a sacrificial altar of Ru.
  4463 | D:4      | Reached skill level 5 in Spellcasting
  4463 | D:4      | Reached XP level 8. HP: 32/41 MP: 8/16
  4522 | D:4      | Found a runed translucent door.
  4591 | D:4      | Killed Grinder
  5038 | D:4      | Noticed Eustachio
  5056 | D:4      | Killed Eustachio
  5057 | D:4      | Reached skill level 11 in Summonings
  5382 | D:4      | Killed pigah's ghost
  5457 | D:5      | Entered Level 5 of the Dungeon
  5617 | D:5      | Reached XP level 9. HP: 45/45 MP: 19/19
  5693 | D:5      | Reached skill level 12 in Summonings
  6312 | D:6      | Noticed Menkaure
  6323 | D:6      | Killed Menkaure
  6324 | D:6      | Reached skill level 13 in Summonings
  6966 | D:6      | Found an opulent altar of Gozag.
  7344 | D:7      | Found a runed translucent door.
  7346 | D:7      | Noticed Twinkles's ghost (novice MiFi)
  7466 | D:7      | Reached skill level 14 in Summonings
  7515 | D:7      | Found a staircase to the Ecumenical Temple.
  7534 | Temple   | Entered the Ecumenical Temple
  7555 | Temple   | Became a worshipper of Hepliaklqana the Forgotten
  7973 | D:8      | Noticed a two-headed ogre
  7989 | D:8      | Noticed Maurice
  7997 | D:8      | Killed Maurice
  8122 | D:8      | Noticed Jeremiah
  8136 | D:7      | Killed a two-headed ogre
  8137 | D:7      | Reached skill level 15 in Summonings
  8137 | D:7      | Reached XP level 10. HP: 50/50 MP: 11/20
  8198 | D:8      | Killed Jeremiah
  8199 | D:8      | Reached skill level 16 in Summonings
  8357 | D:8      | Found a staircase to the Lair.
  8767 | D:8      | Noticed a gargoyle
  8811 | D:8      | HP: 3/75 [gargoyle/stone arrow (11)]
  8811 | D:8      | HP: 1/75 [gargoyle/+0 mace (2)]
  8828 | D:8      | Killed a gargoyle
  8829 | D:8      | Reached skill level 17 in Summonings
  9535 | D:9      | Noticed Erolcha
  9731 | D:9      | Killed Erolcha
  9732 | D:9      | Reached skill level 18 in Summonings
  9732 | D:9      | Reached XP level 11. HP: 54/54 MP: 14/21
  9772 | D:9      | Found an ornate altar of the Wu Jian Council.
  9772 | D:9      | Found a glowing golden altar of the Shining One.
  9773 | D:9      | Found a glowing silver altar of Zin.
  9780 | D:9      | Noticed Psyche
  9793 | D:9      | HP: 2/54 [something (6)]
  9796 | D:9      | Killed Psyche
  9925 | D:9      | Found a flagged portal.
  9937 | Bailey   | Entered a bailey
  9944 | Bailey   | Reached * piety under Hepliaklqana
 10449 | D:9      | Noticed a two-headed ogre
 10457 | D:9      | Killed a two-headed ogre
 10458 | D:9      | Reached skill level 19 in Summonings
 10626 | D:9      | Noticed a two-headed ogre
 10637 | D:9      | Killed a two-headed ogre
 10836 | D:9      | Noticed Prince Ribbit
 10853 | D:9      | Killed Prince Ribbit
 11279 | D:10     | Entered Level 10 of the Dungeon
 11577 | D:10     | Found a runed translucent door.
 11600 | D:10     | Reached ** piety under Hepliaklqana
 11659 | D:10     | Remembered your ancestor Ingwe as a battlemage
 11671 | D:10     | Reached skill level 20 in Summonings
 12868 | D:10     | Identified the +0 ring mail "Inuthrufe" {-Tele rPois
                  | Will+++ Dex-3}
 13209 | D:11     | Found a gate leading to a gauntlet.
 13229 | Gauntlet | Entered a Gauntlet
 13229 | Gauntlet | Reached *** piety under Hepliaklqana
 13229 | Gauntlet | Found a transporter.
 13231 | Gauntlet | Found a runed translucent gate.
 13232 | Gauntlet | Found a transporter.
 13232 | Gauntlet | Found a runed translucent gate.
 13233 | Gauntlet | Found a runed translucent gate.
 13234 | Gauntlet | Found a transporter.
 13238 | Gauntlet | Found a transporter.
 13243 | Gauntlet | Noticed a fire crab
 13245 | Gauntlet | Found a transporter.
 13245 | Gauntlet | Found a transporter.
 13246 | Gauntlet | Noticed a hell beast
 13247 | Gauntlet | Found a transporter.
 13257 | Gauntlet | Found a transporter.
 13334 | Gauntlet | Found a large runed translucent door.
 13334 | Gauntlet | Found a large runed translucent door.
 13335 | Gauntlet | Found a large runed translucent door.
 13335 | Gauntlet | Found a large runed translucent door.
 13336 | Gauntlet | Found a large runed translucent door.
 13336 | Gauntlet | Found a large runed translucent door.
 13337 | Gauntlet | Found a runed translucent gate.
 13337 | Gauntlet | Found a runed translucent door.
 13337 | Gauntlet | Noticed a white ugly thing
 13337 | Gauntlet | Noticed a green ugly thing
 13338 | Gauntlet | Found a transporter.
 13338 | Gauntlet | Found a runed translucent gate.
 13339 | Gauntlet | Found a runed translucent gate.
 13339 | Gauntlet | Found a runed translucent door.
 13340 | Gauntlet | Found a large runed translucent door.
 13341 | Gauntlet | Found a large runed translucent door.
 13342 | Gauntlet | Noticed a great orb of eyes
 13343 | Gauntlet | Found a transporter.
 13347 | Gauntlet | Found a transporter.
 13351 | Gauntlet | Found a large runed translucent door.
 13351 | Gauntlet | Found a large runed translucent door.
 13351 | Gauntlet | Found a large runed translucent door.
 13351 | Gauntlet | Found a large runed translucent door.
 13354 | Gauntlet | Noticed a moth of wrath
 13355 | Gauntlet | Found a transporter.
 13488 | Gauntlet | Killed a hell beast
 13489 | Gauntlet | Reached XP level 12. HP: 11/53 MP: 4/22
 13710 | Gauntlet | Noticed a minotaur
 13718 | Gauntlet | Killed a minotaur
 13719 | Gauntlet | Reached skill level 21 in Summonings
 13866 | Gauntlet | Identified the +1 mace "Gemopnemog" {venom, rCorr}
 13924 | D:11     | Noticed Snorg
 13956 | D:11     | Killed Snorg
 14027 | D:11     | Noticed Josephine
 14035 | D:11     | Killed Josephine
 14047 | D:11     | Learned a level 6 spell: Summon Cactus Giant
 14120 | D:11     | Reached skill level 22 in Summonings
 14126 | D:11     | Found a staircase to the Orcish Mines.
 14226 | D:11     | Noticed Erica
 14232 | D:11     | Killed Erica
 14896 | D:11     | Noticed Grum
 14912 | D:11     | Killed Grum
 15219 | Orc:1    | Entered Level 1 of the Orcish Mines
 15219 | Orc:1    | Noticed Jorgrun
 15612 | D:12     | Noticed a boulder beetle
 15627 | D:12     | Killed a boulder beetle
 15731 | D:12     | Reached skill level 23 in Summonings
 16252 | D:13     | Reached XP level 13. HP: 56/56 MP: 9/23
 16564 | D:13     | Reached **** piety under Hepliaklqana
 16654 | D:13     | Identified the +1 robe "Qemibeun" {Drain Dex+5}
 16723 | D:13     | Reached skill level 24 in Summonings
 17158 | D:13     | Noticed a fire dragon
 17173 | D:13     | Killed from afar by a fire dragon

Illustrated notes

Levels and vault maps discovered:
D:1:      minmay_arrival_diagonal_passages, layout_basic
D:2:      kennysheep_the_goblin_king, layout_loops_corners, uniq_robin
D:3:      layout_rooms, uniq_ijyb, uniq_natasha
D:4:      layout_cave_pools, enter_ossuary_2, hellmonk_ghost_happy_afterlife,
          minmay_ruined_shrine, uniq_grinder, uniq_eustachio
D:5:      layout_loops_ring
D:6:      layout_loops_ring, lemuel_doored_altar, uniq_menkaure
D:7:      layout_basic, minmay_temple_entry_grid, ebering_ghost_inner_flame,
          chequers_serial_rivers_room_a
D:8:      minmay_distorted_concentric_squares, layout_basic,
          erik_lair_orcish_takeover, uniq_maurice, uniq_jeremiah
D:9:      layout_cave_pods, gammafunk_temple_overflow_forgotten, enter_bailey_3,
          minivault_22, uniq_erolcha, uniq_prince_ribbit1, uniq_psyche
D:10:     layout_grid_maze, ebering_dispersal_statue_hall, minmay_st_funbox
D:11:     layout_layer_cave, david_orc_2, gauntlet_entry_generic,
          minmay_hedge_maze, nicolae_fort_ynox, uniq_erica, uniq_snorg,
          uniq_josephine, uniq_grum
D:12:     layout_loops_cross, hangedman_abyss_or_decor_slice,
          nicolae_letterblocks [nicolae_letter_subblock,
          nicolae_letter_subblock, nicolae_letter_subblock,
          nicolae_letter_subblock, nicolae_letter_subblock,
          nicolae_letter_subblock, nicolae_letter_subblock,
          nicolae_letter_subblock, nicolae_letter_subblock,
          nicolae_letter_subblock, nicolae_letter_subblock,
          nicolae_letter_subblock, nicolae_letter_subblock,
          nicolae_letter_subblock, nicolae_letter_subblock,
          nicolae_letter_subblock, nicolae_letter_subblock,
          nicolae_letter_subblock, nicolae_letter_subblock,
          nicolae_letter_subblock, nicolae_letter_subblock,
          nicolae_letter_subblock, nicolae_letter_subblock,
          nicolae_letter_subblock, nicolae_letter_subblock]
D:13:     layout_long_grid, david_vaults_4, minmay_starry_boxes
Temple:   regret_index_temple_mists
Orc:1:    layout_caves, nicolae_shop_firing_range, uniq_jorgrun

Skill      XL: |  1  2  3  4  5  6  7  8  9 10 11 12 13 |
---------------+----------------------------------------+-----
Summonings     | 5 6 7 8 9 10 11 15 18 20 23 24 | 24.2
Spellcasting   | 5 6 |  6.0
Dodging        | |  2.1
Stealth        | |  2.0

Action                     |  1- 3 |  4- 6 |  7- 9 | 10-12 | 13-15 || total
---------------------------+-------+-------+-------+-------+-------++-------
  Melee: Unarmed           |    20 |       |       |       |       ||    20
         Dagger            |    18 |    27 |       |       |       ||    45
         Peck              |    17 |    16 |    13 |    20 |       ||    66
         Kick              |    16 |    27 |    34 |    23 |     1 ||   101
         Short sword       |    38 |     1 |       |       |       ||    39
         Spear             |       |    83 |   114 |   102 |     6 ||   305
         Punch             |       |       |     3 |     2 |       ||     5
   Fire: Arbalest          |       |       |    42 |    90 |       ||   132
   Cast: Summon Small Mamm |    11 |     3 |     8 |     3 |     1 ||    26
         Call Canine Famil |     3 |    19 |    31 |    58 |     7 ||   118
         Summon Lightning  |       |     7 |    18 |    56 |     6 ||    87
         Summon Cactus Gia |       |       |       |    17 |     6 ||    23
 Invoke: Recall Ancestor   |       |       |       |     3 |       ||     3
         Ancestor Life: Ba |       |       |       |     1 |       ||     1
    Use: Scroll            |       |       |     6 |     8 |       ||    14
         Potion            |       |       |       |     9 |       ||     9
   Stab: Sleeping          |     3 |     2 |     4 |       |       ||     9
         Distracted        |       |     1 |     4 |     4 |     1 ||    10
 Armour: Robe              |    33 |    81 |    68 |    78 |       ||   260
         Skin              |       |       |       |    25 |       ||    25
         Troll leather arm |       |       |       |    32 |    13 ||    45
  Dodge: Dodged            |    79 |   101 |   137 |   144 |     6 ||   467
  Block: Buckler           |       |       |       |       |     4 ||     4

Table legend: (Time is in decaauts)
 A = Elapsed time spent in this place.
 B = Non-inter-level travel time spent in this place.
 C = Inter-level travel time spent in this place.
 D = Time resting spent in this place.
 E = Time spent auto-exploring this place.
 F = Levels seen in this place.
 G = Mean time per level.
                   A        B        C        D        E       F      G
               +--------+--------+--------+--------+--------+-----+--------+
         Total |  17520 |  17026 |    494 |   3292 |  10259 |  18 |  973.3 |
       Dungeon |  15585 |  15130 |    455 |   2294 |  10030 |  13 | 1198.8 |
        Temple |     44 |      5 |     39 |      0 |      0 |   1 |   44.0 |
  Orcish Mines |      3 |      3 |      0 |      0 |      0 |   1 |    3.0 |
       Ossuary |    846 |    846 |      0 |    625 |     75 |   1 |  846.0 |
        Bailey |    396 |    396 |      0 |     89 |    154 |   1 |  396.0 |
      Gauntlet |    642 |    642 |      0 |    284 |      0 |   1 |  642.0 |
               +--------+--------+--------+--------+--------+-----+--------+

Top non-repeatable levels by time:
    D:10: 1784 daAuts
    D:11: 1664 daAuts
     D:8: 1359 daAuts
     D:3: 1267 daAuts
     D:9: 1258 daAuts
     D:2: 1245 daAuts
     D:4: 1236 daAuts
     D:7: 999 daAuts
     D:6: 998 daAuts
    D:12: 978 daAuts
     D:1: 967 daAuts
    D:13: 933 daAuts
     D:5: 892 daAuts
 Ossuary: 846 daAuts
Gauntlet: 642 daAuts
